 Dungeon Crawl Stone Soup version 0.22.0-60-ga52c2fc (webtiles) character file.

533 lysyklops the Firebug (level 7, -1/50 HPs)
             Began as a Black Draconian Fire Elementalist on Sept 10, 2018.
             Slain by a big kobold zombie (3 damage)
             ... in an ossuary.
             The game lasted 00:16:35 (4918 turns).

lysyklops the Firebug (DrFE)                        Turns: 4918, Time: 00:16:36

Health: -1/50      AC:  6    Str: 10    XL:     7   Next: 4%
Magic:  1/12       EV: 13    Int: 18    God:
Gold:   170        SH:  0    Dex: 11    Spells: 10/13 levels left

rFire    . . .     SeeInvis .   e - +0 dagger (venom)
rCold    . . .     Gourm    .   (no shield)
rNeg     . . .     Faith    .   (armour unavailable)
rPois    .         Spirit   .   (helmet restricted)
rElec    +         Reflect  .   (no cloak)
rCorr    .         Harm     .   (no gloves)
MR       .....                  (no boots)
Stlth    ++........             (no amulet)
HPRegen  0.16/turn              (no ring)
MPRegen  0.13/turn              (no ring)

@: drained
A: breathe lightning, unfitting armour, electricity resistance, cold-blooded, AC
+6
a: Breathe Lightning


You were in an ossuary.
You were not hungry.

You visited 1 branch of the dungeon, and saw 5 of its levels.
You also visited: Ossuary.

You collected 170 gold pieces.

Inventory:

Hand Weapons
 e - a +0 dagger of venom (weapon)
 u - a +0 hunting sling
Missiles
 d - 116 stones (quivered)
 x - 45 sling bullets
Jewellery
 o - a cursed ring of wizardry {unknown}
 t - an uncursed ring of see invisible {unknown}
Scrolls
 f - 2 scrolls of random uselessness {unknown}
 h - 3 scrolls of identify {unknown}
 k - a scroll of magic mapping {unknown}
 n - 2 scrolls of remove curse
 p - a scroll of fear {unknown}
 r - a scroll of blinking {unknown}
 v - 2 scrolls of teleportation {unknown}
Potions
 a - 2 potions of might {unknown}
 i - 2 potions of mutation {unknown}
 j - a potion of brilliance {unknown}
 l - 2 potions of haste
 m - a potion of curing {unknown}
 q - a potion of resistance {unknown}
 s - a potion of flight {unknown}
Comestibles
 b - 4 rations


   Skills:
 + Level 3.7(3.5) Dodging
 - Level 1.7(1.6) Stealth
 + Level 3.9(3.7) Spellcasting
 + Level 3.6(3.4) Conjurations
 + Level 4.8(4.6) Fire Magic


You had 10 spell levels left.
You knew the following spells:

 Your Spells              Type           Power        Failure   Level  Hunger
a - Flame Tongue          Conj/Fire      ###..        2%          1    None
b - Throw Flame           Conj/Fire      ###...       4%          2    ##.....

Your spell library contained the following spells:

 Spells                   Type           Power        Failure   Level  Hunger
 Conjure Flame            Conj/Fire      ###.....     9%          3    ###....
 Inner Flame              Hex/Fire       ##......     17%         3    ###....
 Sticky Flame             Conj/Fire      ###.....     28%         4    ####...
 Fireball                 Conj/Fire      ###.......   61%         5    ######.


Dungeon Overview and Level Annotations

Branches:
Dungeon (5/15)
 Temple: D:4-7

Altars:


Innate Abilities, Weirdness & Mutations

You can breathe wild blasts of lightning.
Your glossy black scales are hard. (AC +6)
You cannot fit into any form of body armour.
You are resistant to electric shocks. (rElec)
You are cold-blooded and may be slowed by cold attacks.


Message History

The big kobold zombie hits you.
* * * LOW HITPOINT WARNING * * *
You hit the big kobold zombie.
Your tail-slap misses the big kobold zombie.
The big kobold zombie is severely damaged.
You barely miss the big kobold zombie.
The big kobold zombie is severely damaged.
The big kobold zombie hits you but does no damage.
You hit the big kobold zombie.
You tail-slap the big kobold zombie, but do no damage.
The big kobold zombie is severely damaged.
The big kobold zombie hits you but does no damage.
You hit the big kobold zombie but do no damage.
Your tail-slap misses the big kobold zombie.
The big kobold zombie is severely damaged.
The big kobold zombie hits you but does no damage.
You hit the big kobold zombie. You tail-slap the big kobold zombie.
The big kobold zombie is almost destroyed.
The big kobold zombie hits you.
You die...

......∩.∩.∩..........#
.......).............#
..#+#+#'#'#'#'#......#
#.#.#.#.##.....#
############'###
##^##.# ##.##..#
##.##...# ##@##....#
#Z##.....# #Z'Z.....#
#.##.....# ##.##....#
##Z##...# ##.##..#
##.##.# ######'#'#


You could see a hobgoblin zombie and a big kobold zombie.

Vanquished Creatures
  A black bear (D:3)
  A centaur (D:3)
  An orc priest (D:3)
  2 worker ants
  3 orc wizards (D:5)
  A big kobold zombie (Ossuary)
  A mummy (Ossuary)
  3 adders (D:2)
  3 gnolls (D:2)
  A worm (D:3)
  A dart slug (D:1)
  3 leopard geckos
  7 orcs
  4 giant cockroaches
  7 goblins
  8 hobgoblins
  10 jackals
  10 kobolds
  2 quokkas
  A ball python (D:1)
  9 bats
  4 frilled lizards
  5 goblin zombies (Ossuary)
  5 hobgoblin zombies (Ossuary)
  2 kobold zombies (Ossuary)
  An orc zombie (Ossuary)
  7 rats
  5 spectral goblins (Ossuary)
  3 spectral kobolds (Ossuary)
  6 spectral rats (Ossuary)
117 creatures vanquished.

Notes
Turn   | Place    | Note
-------+----------+-------------------------------------------
     0 | D:1      | lysyklops the Draconian Fire Elementalist began the quest
                  | for the Orb.
     0 | D:1      | Reached XP level 1. HP: 14/14 MP: 3/3
   223 | D:1      | Reached XP level 2. HP: 17/20 MP: 1/5
   811 | D:1      | Reached XP level 3. HP: 26/26 MP: 2/6
  1531 | D:2      | Reached XP level 4. HP: 33/33 MP: 3/7
  2619 | D:3      | Reached XP level 5. HP: 37/38 MP: 6/9
  2623 | D:3      | Learned a level 2 spell: Throw Flame
  2643 | D:3      | Reached skill level 4 in Fire Magic
  2927 | D:3      | Noticed a centaur
  2941 | D:3      | Killed a centaur
  2941 | D:3      | Reached XP level 6. HP: 30/45 MP: 4/11
  4310 | D:5      | Entered Level 5 of the Dungeon
  4449 | D:5      | Found a sand-covered staircase.
  4500 | Ossuary  | Entered an ossuary
  4881 | Ossuary  | Your scales start taking on a glossy black colour.
  4881 | Ossuary  | Reached XP level 7. HP: 10/50 MP: 7/12
  4881 | Ossuary  | Gained mutation: You are resistant to electric shocks.
                  | (rElec) [Black Draconian growth]
  4892 | Ossuary  | HP: 2/50 [big kobold zombie (2)]
  4906 | Ossuary  | HP: 2/50 [big kobold zombie (3)]
  4913 | Ossuary  | HP: 1/50 [big kobold zombie (2)]
  4918 | Ossuary  | Slain by a big kobold zombie

Skill      XL: |  1  2  3  4  5 |
---------------+----------------+-----
Dodging        | 2 3 |  3.7
Conjurations   | 2 3 |  3.6
Spellcasting   | 3 |  3.9
Fire Magic     | 4 |  4.8
Stealth        | |  1.7

Action                   |  1- 3 |  4- 6 |  7- 9 || total
-------------------------+-------+-------+-------++-------
Melee: Whip              |    11 |       |       ||    11
       Dagger            |    14 |    60 |    18 ||    92
       Tailslap          |     1 |     8 |     5 ||    14
       Unarmed           |     1 |       |       ||     1
 Fire: Hunting sling     |       |    14 |       ||    14
 Cast: Flame Tongue      |    69 |   110 |    11 ||   190
       Throw Flame       |       |     9 |       ||     9
 Abil: Breathe Lightning |       |       |     1 ||     1
  Use: Scroll            |       |     1 |       ||     1
  Eat: Chunk             |     2 |    10 |       ||    12
       Ration            |       |     1 |       ||     1
Armor: Skin              |    14 |    33 |    10 ||    57
Dodge: Dodged            |    40 |    64 |    19 ||   123
